AoeStats
← HugoChavez

Arabia

510610272Analyzed
1v1 RM · 2d ago on Oct 1, 2026· 80m 2s· 2 players
Game mode
Random Map
Map size
Tiny (2 player)
Population
200
Speed
Normal
Resources
Standard
Victory
Conquest
Starting age
Dark Age
Ending age
Imperial Age
RankedLock teamsTeams togetherTeam positionsShared explorationLock speedFull tech treeHidden civsTurbo modeCheats
Victory
Defeat
🇨🇱 Wei · Chile
1057
+17
🇧🇷 Berbers · Brazil
1075
-17
HugoChavez
4:53 Loom
9:32 Feudal Age
9:39 Man-at-Arms
15:18 Double-Bit Axe
24:28 Castle Age
23:04 Wheelbarrow
22:39 Padded Archer Armor
24:40 Gold Mining
24:54 Pikeman
25:48 Bloodlines
26:44 Husbandry
31:05 Scale Barding Armor
33:01 Chain Barding Armor
36:10 Hand Cart
37:16 Fletching
37:42 Leather Archer Armor
39:06 Bow Saw
41:53 Squires
44:35 Masonry
46:01 Sanctity
49:07 Imperial Age
47:26 Elite Skirmisher
50:07 Capped Ram
51:38 Siege Ram
52:05 Heavy Hei Guang Cavalry
60:36 Halberdier
65:03 Parthian Tactics
64:50 Bodkin Arrow
65:26 Ring Archer Armor
66:28 Chemistry
65:49 Ballistics
GABS ONE
6:49 Loom
9:14 Feudal Age
10:01 Double-Bit Axe
10:28 Horse Collar
21:04 Wheelbarrow
22:10 Fletching
25:07 Bloodlines
28:29 Castle Age
26:34 Gold Mining
26:49 Stone Mining
28:00 Bloodlines
27:58 Scale Barding Armor
29:39 Bow Saw
29:46 Heavy Plow
31:55 Hand Cart
32:20 Chain Barding Armor
32:13 Husbandry
32:56 Forging
36:27 Scale Mail Armor
36:54 Pikeman
38:32 Gold Shaft Mining
38:02 Squires
40:58 Gold Shaft Mining
42:32 Chain Mail Armor
43:08 Iron Casting
42:25 Arson
44:26 Padded Archer Armor
45:44 Bodkin Arrow
47:10 Ballistics
47:12 Elite Skirmisher
48:48 Leather Archer Armor
55:55 Imperial Age
53:41 Light Cavalry
57:41 Chemistry
56:54 Hussar
58:53 Bracer
59:42 Siege Engineers
64:17 Blast Furnace
67:33 Chain Mail Armor
67:36 Cavalier
68:03 Man-at-Arms
68:45 Long Swordsman
70:19 Two-Handed Swordsman
72:38 Chain Mail Armor
72:37 Masonry
75:00 Plate Mail Armor
Connection lost

Rejoining the realm…

Still unreachable

The connection could not be restored.

Session expired

The server has moved on; the page needs a fresh start.